[Event "*** Biggest EVER Titled Tuesday"]
[Site "Chess.com"]
[Date "2018.04.17"]
[Round "8"]
[White "Diwi89"]
[Black "pKiLz5Rn9b"]
[Result "1-0"]
[WhiteElo "2726"]
[BlackElo "2635"]
[TimeControl "180+2"]
[EndTime "14:53:59 PDT"]
[Termination "Diwi89 won by resignation"]

1. e4 e6 2. d4 d5 3. Nc3 dxe4 4. Nxe4 Nd7 5. Nf3 Ngf6 6. Bg5 Be7 7. Nxf6+ Bxf6 8. h4 c5 9. Qd2 cxd4 10. O-O-O h6 11. Bxf6 Nxf6 12. g4 Qd5 13. Qxd4 Qxd4 14. Rxd4 Nd7 15.
Bb5 Ke7 16. Rhd1 Nb6 17. Ne5 a6 18. Be2 Re8 19. g5 Rb8 20. Bf3 hxg5 21. hxg5 Nd5 22. c4 Nb6 23. b3 Rh8 24. a4 a5 25. Rf4 Rf8 26. Bh5 Nd7 27. Nxd7 Bxd7 28. Rxf7+ Rxf7 29.
Bxf7 Rh8 30. g6 Rh2 31. Rd2 Bc6 32. Kb2 Rh3 33. Re2 Bd7 34. Kc2 Kf6 35. Re3 Rh2 36. Rf3+ Ke7 37. Kd3 Rh1 38. Re3 Kd6 39. Kc3 b6 40.
Rf3 Ke7 41. Bg8 Be8 42. Re3 Bd7 43. Bf7 Rf1 44. f3 Kd6 45. Kd4 Rd1+ 46. Rd3 Rc1 47. Ke3+ Ke7 48. f4 Re1+ 49. Kf2 Re4 50. Kg3 Re1 51.
Kf2 Re4 52. Kg3 Re1 53. Kh4 Rh1+ 54. Kg4 Re1 55. Kf3 Rf1+ 56. Ke3 Re1+ 57. Kd4 Bc6 58. Re3 Rf1 59. Rxe6+ Kd7 60. Ke5 Rb1 61. Rd6+ Kc7 62. Re6 Kd7 63. Be8+ 1-0

[Event "*** Biggest EVER Titled Tuesday"]
[Site "Chess.com"]
[Date "2018.04.17"]
[Round "8"]
[White "colemman"]
[Black "shyam"]
[Result "0-1"]
[WhiteElo "2510"]
[BlackElo "2586"]
[TimeControl "180+2"]
[EndTime "14:54:04 PDT"]
[Termination "shyam won by resignation"]

1. d4 Nf6 2. Nf3 g6 3. Nbd2 Bg7 4.
e4 O-O 5. e5 Ne8 6. Bc4 d6 7.
Qe2 Nc6 8. c3 Bf5 9. O-O dxe5 10. dxe5 Na5 11. Rd1 Nxc4 12. Nxc4 Qc8 13. Bg5 f6 14.
Bh4 Kh8 15. h3 a5 16. Rd2 Be6 17. Rad1 Bg8 18. Nd4 a4 19. a3 Ra6 20. Re1 fxe5 21.
Nxe5 Nf6 22. Nef3 Nd5 23. c4 Nf4 24. Qxe7 Bxc4 25. Bg3 Bg8 26. Nb5 Nd5 27. Rxd5 Bxd5 28.
Be5 Rf7 29. Bxg7+ Rxg7 30. Qe8+ Qxe8 31. Rxe8+ Bg8 32. Nxc7 Rxc7 33. Ng5 Kg7 34. Kh2 h6 35. Nf3 Re6 36. Rb8 Re2 37. Kg3 Rxb2 38. Nd4 Rd2 39. Nb5 Re7 40. f3 Rb2 41. Nd6 h5 42. Nc8 Re8 43. Kh4 Kh6 44. f4 Rc2 45. Rxb7 Rexc8 46. g4 hxg4 47. hxg4 R2c7 48. Rb6 Rc6 49. Rb7 R8c7 50. Rb8 Kg7 51. Rb5 Rc3 52. Rb6 Rxa3 53. Kg5 Bf7 54. f5 gxf5 55. gxf5 Rg3+ 56. Kf4 Rg1 57. Ra6 Rf1+ 58. Kg5 Rg1+ 59. Kf4 Rc4+ 60. Ke5 Re1+ 61. Kd6 Rf4 62. Ra5 Re3 63. Kd7 a3 64.
Kd6 a2 65. Kd7 Re1 0-1

[Event "*** Biggest EVER Titled Tuesday"]
[Site "Chess.com"]
[Date "2018.04.17"]
[Round "8"]
[White "sergeikim"]
[Black "Manukyan_Artak"]
[Result "1/2-1/2"]
[WhiteElo "2442"]
[BlackElo "2354"]
[TimeControl "180+2"]
[EndTime "14:54:04 PDT"]
[Termination "Game drawn by stalemate"]

1. d4 d6 2. c4 e5 3. Nf3 Nd7 4. Nc3 Ngf6 5. g3 g6 6. Bg2 Bg7 7. O-O O-O 8. e4 a5 9. d5 Nc5 10. Ne1 h5 11. Nd3 Nfd7 12. Be3 h4 13. Rc1 Nxd3 14. Qxd3 Nc5 15. Qd2 h3 16. Bh1 f5 17.
f4 exf4 18. Bxf4 Qf6 19. Be3 Qe5 20. exf5 gxf5 21. Rce1 Qf6 22. Nb5 Qxb2 23. Qxb2 Bxb2 24. Nxc7 Rb8 25. Nb5 Ne4 26. Bxe4 fxe4 27. Rxf8+ Kxf8 28. Nxd6 Bg4 29. Nxe4 Re8 30. Nf2 Bc3 31. Rc1 Rxe3 32.
Nxg4 Rf3 33. Nf2 Bd4 34. Rc2 Ke7 35. Kf1 Kd6 36. Ke1 Bxf2+ 37. Rxf2 Rc3 38. Rd2 Rxc4 39. Kf2 b5 40. Kf3 b4 41. g4 Rc5 42. Ke4 Rc8 43. g5 a4 44. g6 b3 45. axb3 axb3 46. Rb2 Rb8 47. g7 Rg8 48. Rxb3 Rxg7 49. Rb6+ Kc5 50.
Rc6+ Kb5 51. Rh6 Kc5 52. d6 Rg2 53. Ke5 Rxh2 54. Ke6 Rd2 55. d7 h2 56. Rxh2 Rxh2 57.
d8=Q Re2+ 58. Kf5 Kc4 59. Qc7+ Kd3 60. Qd6+ Ke3 61. Qc5+ Kf3 62. Qc4 Re3 63. Qg4+ Kf2 64. Kf4 Re2 65. Qg3+ Kf1 66. Kf3 Re3+ 67. Kxe3 1/2-1/2

[Event "*** Biggest EVER Titled Tuesday"]
[Site "Chess.com"]
[Date "2018.04.17"]
[Round "8"]
[White "Fandorine"]
[Black "pulvettd"]
[Result "1-0"]
[WhiteElo "2714"]
[BlackElo "2539"]
[TimeControl "180+2"]
[EndTime "14:54:05 PDT"]
[Termination "Fandorine won by checkmate"]

1. e4 c5 2. Nf3 d6 3. Nc3 a6 4. d4 cxd4 5. Nxd4 Nf6 6. Be3 e5 7.
Nf3 Qc7 8. a4 Nbd7 9. Be2 b6 10.
O-O Bb7 11. Qd3 Be7 12. Rfd1 O-O 13. Nd2 Rac8 14. Nc4 Rfd8 15. Nxd6 Nf8 16. Nxc8 Rxd3 17. Nxe7+ Qxe7 18. Rxd3 Nxe4 19. Bxb6 Qb4 20. Nxe4 Qxb2 21. Rdd1 Bxe4 22. a5 Bxc2 23. Re1 Nd7 24. Be3 Qb7 25. Rec1 Be4 26. Bf1 h6 27. Rc3 Nf6 28. Bb6 Nd5 29. Rb3 Nf4 30. f3 Bd5 31. Rb2 Qc8 32.
Re1 Qc3 33. Rbb1 Bc4 34. Rbc1 Qd2 35. Be3 Qxa5 36. Bxc4 Qb4 37. Bxa6 Nd5 38. Bf2 Qa3 39. Bf1 Nf6 40. Rc8+ Kh7 41. Rxe5 Qa1 42. Rec5 Nh5 43. Rc1 Qa5 44. R8c5 Qa3 45. R1c3 Qa1 46. Rc1 Qa3 47. R5c3 Qb2 48. g3 Nf6 49. R3c2 Qb3 50. Kg2 h5 51. Bc4 Qa3 52. Bxf7 h4 53. gxh4 Qa4 54. Bc4 Nh5 55. Bd3+ Kg8 56. Rc8+ Kf7 57. R1c7+ Kf6 58. Rc6+ Kf7 59. Bg6+ Ke7 60. Bc5+ Kd7 61. Bf5# 1-0

[Event "*** Biggest EVER Titled Tuesday"]
[Site "Chess.com"]
[Date "2018.04.17"]
[Round "8"]
[White "GMKrikor"]
[Black "gkchesstiger"]
[Result "1/2-1/2"]
[WhiteElo "2633"]
[BlackElo "2768"]
[TimeControl "180+2"]
[EndTime "14:54:06 PDT"]
[Termination "Game drawn by repetition"]

1. e4 c5 2. Nf3 e6 3. d4 cxd4 4. Nxd4 a6 5. Bd3 Bc5 6. Nb3 Ba7 7. O-O d6 8. Qe2 Nf6 9. Be3 Bxe3 10. Qxe3 e5 11. c4 Be6 12. Nc3 Nbd7 13. Rfd1 Qb6 14. Qe1 Rc8 15. Nd5 Bxd5 16. cxd5 Nc5 17. Rac1 Ke7 18.
Nxc5 Rxc5 19. Rxc5 Qxc5 20. Rc1 Qb6 21. Qc3 Rb8 22.
a4 a5 23. Qc7+ Qxc7 24. Rxc7+ Kf8 25. Kf1 b5 26. axb5 Ke8 27. Rc6 Ke7 28. Ra6 Nd7 29. Rxa5 Rb7 30. b4 Nb6 31. Ra6 Kd8 32. Ke2 Kc7 33.
Ke3 Rb8 34. Ra7+ Rb7 35. Ra1 Kd8 36. Rc1 Rc7 37. Rc6 Rxc6 38. bxc6 Kc7 39. g3 Nc8 40. f4 f6 41. Be2 Nb6 42. fxe5 dxe5 43. b5 Nc8 44. Bd3 Kb6 45. Bf1 Nd6 46. Bd3 Kc5 47. Kd2 Kb6 48. Kc3 Kc5 49. Kd2 Kb6 50. Ke3 Kc5 51. Kf3 Kb6 52. Kg4 g6 53. h4 Kc5 54. Kf3 Kb6 55. g4 g5 56. hxg5 fxg5 57.
Ke3 h6 58. Kd2 Kc5 59. Kc3 Ne8 60. Bb1 Nd6 61. Bd3 Ne8 62. Kb3 Nd6 63. Ka4 Kb6 64.
Kb4 Ne8 65. Bb1 Nd6 66. Bd3 Ne8 67. Be2 Nd6 68. Bd3 Ne8 69. Kc3 Kc5 70. Kb3 Nd6 71.
Ka4 Kb6 72. Kb4 Ne8 1/2-1/2

[Event "*** Biggest EVER Titled Tuesday"]
[Site "Chess.com"]
[Date "2018.04.17"]
[Round "8"]
[White "Shant_Sargsyan"]
[Black "daro94"]
[Result "1-0"]
[WhiteElo "2815"]
[BlackElo "2717"]
[TimeControl "180+2"]
[EndTime "14:54:10 PDT"]
[Termination "Shant_Sargsyan won by checkmate"]

1. d4 Nf6 2. c4 e6 3. Nf3 d5 4. Nc3 c5 5. Bg5 cxd4 6. Nxd4 dxc4 7. e3 Be7 8. Bxc4 O-O 9. O-O a6 10. Rc1 Bd7 11. Be2 Nc6 12. Bf3 Rc8 13. Nb3 Be8 14. h3 h6 15. Bf4 Qb6 16. Qe2 Qa7 17. Rfd1 Bd7 18. Ne4 Rfd8 19. Nd6 Bxd6 20. Bxd6 Be8 21. Bg3 Qb6 22. Rxd8 Rxd8 23. Rd1 Rxd1+ 24. Qxd1 a5 25. Qc1 Nd5 26. Nc5 Ncb4 27. a3 Na6 28. Nxa6 Qxa6 29. Qc8 Qc6 30. Qb8 a4 31. Kh2 f6 32. Bh5 Kf8 33. Bd6+ Ne7 34. Bxe8 Qxe8 35. Qxb7 Qd8 36. Qb4 Kf7 37. Bxe7 Qxe7 38. Qxa4 Qc7+ 39. Qf4 e5 40. Qe4 Qc1 41. Qd5+ Kg6 42. Qd3+ Kf7 43. Qb3+ Kg6 44. a4 Qd2 45. Kg3 h5 46. h4 Qe2 47. Qb4 Kf5 48.
a5 g5 49. hxg5 fxg5 50. Qf8+ Kg6 51. Qg8+ Kf6 52. Qf8+ Kg6 53. Qe8+ Kf6 54. Kh2 Qxb2 55.
a6 Qa2 56. Qc6+ Kf5 57. Qf3+ Kg6 58. Qc6+ Kf5 59. e4+ Kf4 60. f3 g4 61. Qc1+ Qd2 62. Qxd2# 1-0

[Event "*** Biggest EVER Titled Tuesday"]
[Site "Chess.com"]
[Date "2018.04.17"]
[Round "8"]
[White "Alex_Molchanov"]
[Black "TheBigBoss04"]
[Result "1-0"]
[WhiteElo "2553"]
[BlackElo "2516"]
[TimeControl "180+2"]
[EndTime "14:54:12 PDT"]
[Termination "Alex_Molchanov won by resignation"]

1. d4 Nf6 2. c4 g6 3. Nf3 Bg7 4.
Nc3 d5 5. Bg5 Ne4 6. cxd5 Nxg5 7. Nxg5 O-O 8. h4 h6 9. Nf3 c6 10. dxc6 Nxc6 11. e3 Bg4 12. Be2 Qb6 13. Qd2 Rfd8 14.
O-O e6 15. Rfd1 Bf6 16. g3 Rac8 17. Nh2 Bh3 18. Bg4 Bxg4 19. Nxg4 Bg7 20. Qe2 h5 21. Nh2 Na5 22. Rac1 Nc4 23. b3 Na3 24. Na4 Qb4 25. Nf3 b6 26. Qa6 Rc2 27. Rxc2 Nxc2 28. Qxa7 b5 29. Nc5 Qc3 30. Ng5 Rf8 31. Nce4 Qc6 32. Qc5 Qxc5 33. Nxc5 Nb4 34. a4 bxa4 35. bxa4 Ra8 36.
Rb1 Nd5 37. Rb7 Nc3 38. Rxf7 Nxa4 39. Ncxe6 Bh6 40. Rf6 Bxg5 41. hxg5 Kh7 42. Rf7+ Kh8 43.
Nf4 Ra6 44. d5 Nc3 45. Re7 Kg8 46. Kg2 Rd6 47. e4 Nb5 48. e5 Rd8 49. d6 Nd4 50.
Nxg6 Nf5 51. Ra7 Nd4 52. Nf4 Nc6 53. Ra6 Nxe5 54. Nxh5 Nf7 55. f4 Nxd6 56. Kf3 Nf5 57. Kg4 Ne3+ 58. Kh3 Nf5 59. Ra5 Ne3 60. g6 Nc4 61.
Ra7 Rf8 62. g7 Rf5 63. Ra8+ Kh7 64. g8=Q+ Kh6 65. Ra6+ 1-0

[Event "*** Biggest EVER Titled Tuesday"]
[Site "Chess.com"]
[Date "2018.04.17"]
[Round "8"]
[White "GianmarcoVaR"]
[Black "SloLev"]
[Result "1/2-1/2"]
[WhiteElo "2518"]
[BlackElo "2391"]
[TimeControl "180+2"]
[EndTime "14:54:22 PDT"]
[Termination "Game drawn by agreement"]

1. d4 d5 2. Nf3 Nf6 3. c4 e6 4. g3 c6 5. Bg2 Bd6 6. O-O O-O 7. b3 Nbd7 8. Bb2 b6 9. Nc3 Bb7 10.
Qc2 Rc8 11. Rfd1 Qe7 12. e4 dxe4 13. Nxe4 Nxe4 14. Qxe4 Nf6 15. Qe2 c5 16. Qf1 cxd4 17. Nxd4 Rfd8 18. Nb5 Bxg2 19. Qxg2 Bc5 20. Bxf6 Qxf6 21.
Nxa7 Ra8 22. Nc6 Rxd1+ 23. Rxd1 Rxa2 24. Rd8+ Bf8 25. Qf1 Ra1 26. Rd1 Ra2 27. b4 g6 28. Qe1 Bh6 29. Rd8+ Kg7 30. Rd1 Bg5 31. Ne5 Ra7 32. f4 Bh6 33. Qe3 Qe7 34. Nc6 Qc7 35.
Nxa7 Qxa7 36. Qe5+ Kg8 37. Rd8+ Bf8 38. Qd6 Qa1+ 39.
Kg2 Qb2+ 40. Kh3 Qg7 41. Qxb6 Qh6+ 42. Kg2 Qh5 43. Qf2 Qf5 44. c5 Qe4+ 45. Kg1 Qxb4 46. Rd2 Kg7 47. Qe2 Bxc5+ 48. Kg2 Be7 49. Rc2 Qb7+ 50.
Qf3 Qd7 51. Qe4 h5 52. h3 Bf6 53. g4 hxg4 54. hxg4 Be7 55. g5 f6 56. gxf6+ Bxf6 57. Qf3 Qf7 58. Re2 g5 59. Qg4 Qg6 60. Ra2 gxf4 61.
Ra7+ Kh6 62. Qxg6+ Kxg6 63. Kf3 Kf5 64. Ra4 e5 65. Ra5 Be7 66. Rb5 Bd8 67. Rd5 Bb6 68.
Rb5 Bd4 69. Ra5 Bc3 70. Rb5 1/2-1/2

[Event "*** Biggest EVER Titled Tuesday"]
[Site "Chess.com"]
[Date "2018.04.17"]
[Round "8"]
[White "lupta_robin"]
[Black "muran29"]
[Result "1-0"]
[WhiteElo "2428"]
[BlackElo "2313"]
[TimeControl "180+2"]
[EndTime "14:54:24 PDT"]
[Termination "lupta_robin won by resignation"]

1. e4 c6 2. d4 d5 3. e5 Bf5 4.
Nf3 e6 5. Be2 Nd7 6. O-O h5 7.
c4 Ne7 8. Nc3 Nb6 9. b3 Ng6 10.
Be3 Rc8 11. c5 Nd7 12. b4 Nh4 13. Nxh4 Qxh4 14. Qd2 Be7 15. b5 g5 16. bxc6 bxc6 17. Bd3 Nxe5 18. dxe5 d4 19. Bxf5 dxc3 20. Qxc3 exf5 21.
e6 O-O 22. exf7+ Rxf7 23. Rad1 f4 24. Bc1 f3 25. gxf3 Bf6 26. Qe3 Rcf8 27. Rd6 Re7 28. Qb3+ Kg7 29. Bb2 Qf4 30. Rfd1 g4 31. Rxf6 Rxf6 32.
h3 gxf3 33. Kh1 Kh7 34. Bxf6 Qxf6 35. Qd3+ Qg6 36. Qxg6+ Kxg6 37. Rd6+ Kg5 38. Rxc6 Kh4 39. Rf6 Kxh3 40. Rxf3+ Kg4 41. Rc3 h4 42. c6 Rc7 43.
Kg2 Kf4 44. Rc4+ Ke5 45. Rxh4 Rxc6 46. Ra4 a6 47. Kf3 Kf5 48. Ke3 Rc3+ 49. Kd2 Rc6 50. Kd3 Ke5 51. f3 Kf5 52. f4 Rb6 53. Ke3 Rh6 54.
Ra5+ Kg4 55. Rg5+ Kh4 56. Rg1 Re6+ 57. Kd4 Re2 58. f5 Rxa2 59. f6 Rf2 60. Ke5 a5 61.
Ke6 a4 62. f7 a3 63. Ke7 Re2+ 64. Kf8 a2 65. Kg8 Rg2+ 66. Rxg2 a1=Q 67. f8=Q Qa2+ 68.
Rxa2 1-0

[Event "*** Biggest EVER Titled Tuesday"]
[Site "Chess.com"]
[Date "2018.04.17"]
[Round "8"]
[White "lukas_111111"]
[Black "Bigfish1995"]
[Result "0-1"]
[WhiteElo "2498"]
[BlackElo "2749"]
[TimeControl "180+2"]
[EndTime "14:54:26 PDT"]
[Termination "Bigfish1995 won by resignation"]

1. e4 e5 2. Nf3 Nc6 3. Bb5 Nf6 4. O-O Nxe4 5. Re1 Nd6 6. Nxe5 Be7 7. Bf1 O-O 8. Nf3 Ne8 9. d4 d5 10. c3 Nf6 11. Nbd2 a5 12. Bb5 Na7 13. Bd3 Bd6 14. Nf1 Nc6 15. Ng3 h6 16. h3 Re8 17. Rxe8+ Qxe8 18. Qc2 Be6 19. Bd2 Ne7 20. Re1 Qc8 21. Qc1 Nf5 22. Ne2 Ne4 23. Nf4 Nxd2 24. Qxd2 Bxf4 25.
Qxf4 Nd6 26. Ne5 Qd8 27. Ng4 Ne8 28. Re3 Qd6 29. Nxh6+ Kf8 30. Qxd6+ Nxd6 31. Ng4 a4 32. Ne5 a3 33. b4 f6 34. Ng6+ Kf7 35. Nf4 Bf5 36.
Nxd5 Bxd3 37. Rxd3 c6 38. Nb6 Ra6 39. Nd7 Nc4 40. Nc5 Ra7 41. Rd1 b6 42. Nd3 Re7 43.
Re1 Rxe1+ 44. Nxe1 Ke6 45. Nc2 Kd5 46. f3 Nb2 47. Nxa3 Nd1 48. c4+ Kxd4 49. g4 Ne3 50. c5 b5 51. Kf2 Nd5 52. Kg3 Nxb4 53. h4 Nxa2 54. g5 fxg5 55. hxg5 Nc3 56. f4 Kd3 57. f5 b4 58. f6 gxf6 59. g6 bxa3 60. g7 a2 61.
g8=Q a1=Q 62. Qh7+ Kc4 63. Qg8+ Nd5 64. Qg4+ Qd4 65.
Qe2+ Kxc5 0-1

[Event "*** Biggest EVER Titled Tuesday"]
[Site "Chess.com"]
[Date "2018.04.17"]
[Round "8"]
[White "Zaven_ChessMood"]
[Black "ZapataCharlesS"]
[Result "1/2-1/2"]
[WhiteElo "2864"]
[BlackElo "2718"]
[TimeControl "180+2"]
[EndTime "14:54:27 PDT"]
[Termination "Game drawn by repetition"]

1. e4 e5 2. Nf3 Nc6 3. Bc4 Nf6 4. d3 Bc5 5. c3 a6 6. Nbd2 O-O 7. O-O Ba7 8. Bb3 d6 9. h3 Be6 10. Re1 Nh5 11. Nf1 Qf6 12. Ne3 Nf4 13. Nd5 Bxd5 14. exd5 Ne7 15. d4 Neg6 16. Be3 h6 17. g3 Nxh3+ 18. Kg2 e4 19. Nd2 Ng5 20. Qg4 Rfe8 21. Bc2 Nf3 22. Nxf3 Qxf3+ 23. Qxf3 exf3+ 24. Kxf3 b5 25. a4 b4 26. a5 Ne7 27. Bb3 Rab8 28. Bc4 Kf8 29. g4 f6 30. Bd2 f5 31. g5 bxc3 32.
bxc3 Rb2 33. Ra2 Rxa2 34. Bxa2 h5 35. Rb1 Rb8 36. Rxb8+ Bxb8 37. Bc4 c6 38. Bxa6 Bc7 39. c4 cxd5 40. cxd5 Bb8 41. Bc4 Ke8 42. Ke3 Kd7 43.
f3 Ba7 44. Be1 g6 45. Kd3 Kc7 46. Bg3 Bb8 47. Bb3 Kb7 48. Kc4 Bc7 49. Kb5 Bb8 50. Be1 Bc7 51. Bc4 Kb8 52. Ka6 Bd8 53. Bg3 Bc7 54. Bb3 Nc8 55. Ba4 Ne7 56. Be8 Kc8 57.
Kb5 Kb8 58. Bf7 Kc8 59. a6 Kb8 60. Be1 Ka7 61. Bg3 Kb8 62. Be8 Ka7 63. Bf7 Kb8 64.
Be1 Ka7 65. Bf2 Kb8 66. f4 Ka7 67. Be1 Kb8 68. Bf2 Ka7 69. Be1 Kb8 70. Bf2 1/2-1/2

[Event "*** Biggest EVER Titled Tuesday"]
[Site "Chess.com"]
[Date "2018.04.17"]
[Round "8"]
[White "jcibarra"]
[Black "Arystanner23"]
[Result "1/2-1/2"]
[WhiteElo "2597"]
[BlackElo "2500"]
[TimeControl "180+2"]
[EndTime "14:54:42 PDT"]
[Termination "Game drawn by repetition"]

1. e4 e5 2. Nf3 Nc6 3. Bb5 a6 4. Bxc6 dxc6 5. O-O Bg4 6. h3 Bh5 7. g4 Bg6 8. Nxe5 Qh4 9. Qf3 f6 10. Nxg6 hxg6 11. Kg2 g5 12. d4 Ne7 13. Be3 O-O-O 14.
Rh1 Qh7 15. Kf1 Kb8 16. Nd2 Qg8 17. a4 Ng6 18. Qf5 Nh4 19. Qa5 Bd6 20. b4 Bf4 21. b5 Qe6 22. Qc3 Bxe3 23. fxe3 Qd6 24. bxc6 Qg3 25.
Ke2 Ng2 26. Qb3 b6 27. Nf1 Nf4+ 28. Kd1 Qf3+ 29. Kc1 Qxh1 30. Qc4 Ka7 31. exf4 Qxe4 32. a5 b5 33. Qc5+ Ka8 34. fxg5 Qxd4 35. Qxd4 Rxd4 36.
gxf6 gxf6 37. Ra3 Rc4 38. Rf3 Rxc6 39. Ne3 Kb7 40. Nd5 Rh6 41. Ne7 Rc4 42. Ng8 Rh8 43.
Nxf6 b4 44. g5 Rc3 45. Rf4 b3 46. h4 Rxc2+ 47. Kb1 Rh2 48. g6 Rd8 49. Rf1 Rdd2 50. g7 Rb2+ 51. Ka1 Ra2+ 52. Kb1 Rhb2+ 53. Kc1 Rg2 54.
Kb1 Rab2+ 55. Ka1 Ra2+ 56. Kb1 Rgb2+ 57. Kc1 Rc2+ 58. Kb1 Rcb2+ 59. Kc1 Rh2 60. Kb1 Rab2+ 61. Ka1 Ra2+ 62. Kb1 Rhb2+ 63. Kc1 1/2-1/2

[Event "*** Biggest EVER Titled Tuesday"]
[Site "Chess.com"]
[Date "2018.04.17"]
[Round "8"]
[White "Fighterman91"]
[Black "MartinMatthiesen"]
[Result "1-0"]
[WhiteElo "2595"]
[BlackElo "2398"]
[TimeControl "180+2"]
[EndTime "14:54:54 PDT"]
[Termination "Fighterman91 won by resignation"]

1. e4 e5 2. Nf3 Nc6 3. d4 exd4 4.
Nxd4 Nf6 5. Nxc6 bxc6 6. e5 Qe7 7. Qe2 Nd5 8. h4 f6 9. c4 Ba6 10. Rh3 fxe5 11. Bg5 Qb4+ 12. Nc3 d6 13. a3 Qb7 14. Qh5+ g6 15. Qg4 Ne7 16. O-O-O Rb8 17. Qe2 Bxc4 18. Qd2 Bxf1 19. Rxf1 Nd5 20. h5 Be7 21. Bxe7 Nxe7 22. hxg6 Nxg6 23. Rfh1 O-O 24. Rxh7 Rf7 25. R7h6 Rg7 26.
Ne4 Nf4 27. g3 Qxb2+ 28. Qxb2 Nd3+ 29. Kc2 Nxb2 30. Rh8+ Kf7 31. Rxb8 Nc4 32. Rhh8 Ke6 33. Rh6+ Kd5 34. Nc3+ Kc5 35. Rhh8 Rf7 36. Rbf8 Rg7 37. Rhg8 Rh7 38. Rh8 Rg7 39. Ne4+ Kd4 40. Nd2 Nxa3+ 41. Kd1 Nb5 42. Ke2 Nc3+ 43. Kf3 a5 44. Nb3+ Kd5 45. Nxa5 Nb5 46. Nb3 Kc4 47. Nd2+ Kd3 48. Nf1 Nd4+ 49. Kg2 c5 50. Ne3 c4 51. Rhg8 Rh7 52.
Rh8 Rg7 53. Rh1 c3 54. Rd1+ Ke4 55. Rc1 Kd3 56. Rd1+ Ke4 57. Ra8 c2 58. Rc1 Kd3 59. Ra2 Kd2 60. Raxc2+ Nxc2 61. Rxc2+ Kd3 62. Rc6 Kd4 63. Nf5+ Kd5 64. Rxd6+ cxd6 65. Nxg7 Ke4 66. Ne8 d5 67. Nf6+ Kd4 68. f4 exf4 69. gxf4 Ke3 70. Kg3 d4 71. f5 d3 72. Ng4+ Ke2 73. Nf2 d2 74. f6 1-0

[Event "*** Biggest EVER Titled Tuesday"]
[Site "Chess.com"]
[Date "2018.04.17"]
[Round "8"]
[White "LawrenceTrent"]
[Black "Iball95"]
[Result "1-0"]
[WhiteElo "2530"]
[BlackElo "2541"]
[TimeControl "180+2"]
[EndTime "14:54:55 PDT"]
[Termination "LawrenceTrent won by checkmate"]

1. e4 c5 2. Nf3 Nc6 3. Bb5 d6 4. O-O Bd7 5. Re1 a6 6. Bxc6 Bxc6 7. d4 cxd4 8. Nxd4 Nf6 9. Nc3 e6 10. Bg5 Be7 11. Nxc6 bxc6 12. e5 dxe5 13. Qxd8+ Rxd8 14. Rxe5 Nd5 15. Bxe7 Kxe7 16. Na4 f6 17. Re4 e5 18.
Rae1 Kf7 19. Rc4 Ne7 20. Nc5 a5 21. Nb3 Rd5 22. g3 h5 23. h4 Rb8 24. Kg2 Rb4 25.
Ree4 Rdb5 26. c3 Rxc4 27. Rxc4 Rd5 28. Rc5 a4 29. Rxd5 Nxd5 30. Nc5 a3 31. bxa3 Nxc3 32. a4 Ke7 33. a5 Kd6 34. a6 Nb5 35. a4 Na7 36. Nb7+ Kd5 37. Kf3 c5 38. Ke3 g5 39.
Nd8 gxh4 40. gxh4 c4 41. Nf7 Nc6 42. Nd8 Na7 43. Nf7 Kc5 44. Kd2 Kb4 45. Nd6 Kxa4 46. Kc3 Ka5 47. Kxc4 Kxa6 48. Kd5 Kb6 49. Ne4 Nb5 50. Nxf6 e4 51. Kxe4 Kc6 52. Nxh5 Kd6 53. f4 Ke6 54. f5+ Kf7 55. Nf4 Nd6+ 56. Ke5 Nc4+ 57.
Kd5 Ne3+ 58. Ke4 Ng4 59. Nd5 Nf2+ 60. Ke3 Ng4+ 61. Kf4 Nf2 62. h5 Nd3+ 63. Kg5 Nc5 64. Nc3 Nd7 65. Ne4 Kg7 66. f6+ Kh7 67. Kf5 Kh6 68.
Ng3 Nf8 69. Ke5 Kg5 70. f7 Kh6 71. Kf6 Nh7+ 72. Ke7 Kg7 73. Nf5+ Kh8 74. f8=Q+ Nxf8 75. Kxf8 Kh7 76. Kf7 Kh8 77. Kg6 Kg8 78. h6 Kh8 79. Ne3 Kg8 80. Ng4 Kh8 81. Ne5 Kg8 82. h7+ Kh8 83.
Nf7# 1-0

[Event "*** Biggest EVER Titled Tuesday"]
[Site "Chess.com"]
[Date "2018.04.17"]
[Round "8"]
[White "Fins0905"]
[Black "Marcus_Harvey"]
[Result "1-0"]
[WhiteElo "2531"]
[BlackElo "2609"]
[TimeControl "180+2"]
[EndTime "14:54:58 PDT"]
[Termination "Fins0905 won by resignation"]

1. d4 e6 2. Nf3 Nf6 3. c4 Bb4+ 4. Bd2 Qe7 5. g3 O-O 6. Bg2 Bxd2+ 7. Qxd2 d6 8. Nc3 e5 9. O-O Re8 10. e3 Bg4 11. Rac1 c6 12. b4 Nbd7 13. h3 Bxf3 14. Bxf3 e4 15. Bg2 Nf8 16. b5 h5 17. bxc6 bxc6 18.
Qc2 h4 19. g4 N8h7 20. Rb1 Ng5 21. Rb2 Qe6 22. Ne2 Reb8 23. Rfb1 Qc8 24. Nf4 g6 25. Kh1 Kg7 26. Qc3 Rxb2 27. Qxb2 Qa6 28. d5 c5 29.
Bf1 Nf3 30. Be2 Ne5 31. Qb7 Qxa2 32. Rb2 Qa3 33. Kg2 g5 34. Ne6+ Kg6 35. Qxa8 Qxb2 36.
Nf8+ Kg7 37. Ne6+ fxe6 38. Qxa7+ Ned7 39. dxe6 Qb8 40. exd7 Qxa7 41. d8=Q Qd7 42. Qb8 Qe7 43. Qc8 Nd7 44. Qc7 Kf6 45. Qb7 Nf8 46. Qd5 Qe6 47.
Qc6 Ng6 48. Qa8 Ke7 49. Qb7+ Kf8 50. Qa8+ Kg7 51. Qb7+ Qe7 52. Qd5 Nf8 53. Bd1 Nd7 54. Bc2 Nf6 55. Qf5 Qe5 56. Qxe5 dxe5 57. Kf1 Kf7 58. Ke2 Ke7 59. Kd2 Kd6 60. Kc3 Kc6 61. Kb3 Kb6 62. Ka4 Ka6 63. Bb1 Kb6 64.
Bc2 Ka6 65. Bb1 Nd7 66. Bxe4 Nb6+ 67. Kb3 Ka5 68. Bc6 Nc8 69. Kc3 Nd6 70. Bd5 Ka4 71. f4 exf4 72. exf4 gxf4 73. g5 Nf5 74. Kd3 Nd4 75.
g6 f3 76. g7 f2 77. Bg2 1-0

[Event "*** Biggest EVER Titled Tuesday"]
[Site "Chess.com"]
[Date "2018.04.17"]
[Round "8"]
[White "MateusViageiro"]
[Black "twitchTriniCupid"]
[Result "0-1"]
[WhiteElo "2211"]
[BlackElo "2177"]
[TimeControl "180+2"]
[EndTime "14:55:00 PDT"]
[Termination "twitchTriniCupid won on time"]

1. e4 c6 2. d4 d5 3. Nc3 dxe4 4. Nxe4 Bf5 5. Ng3 Bg6 6. Nf3 Nd7 7. Bd3 e6 8. O-O Ngf6 9. Re1 Be7 10. Ne5 Bxd3 11. Nxd3 c5 12. dxc5 Nxc5 13. Nxc5 Qxd1 14. Rxd1 Bxc5 15.
h3 Rc8 16. c3 h6 17. Kf1 Ke7 18. Ke2 Nd5 19. Ne4 Bb6 20. Be3 Nxe3 21. fxe3 Rhd8 22. Nf2 Rc5 23. Nd3 Rcd5 24. e4 R5d7 25. Nb4 Bc5 26.
Rxd7+ Rxd7 27. Nd3 Bb6 28. Rf1 f6 29. g4 g6 30. Nf4 Kf7 31. e5 f5 32. gxf5 gxf5 33.
Rf3 Bd8 34. Nd3 b6 35. Rf4 Bc7 36. Ra4 Bb8 37. Rh4 Kg7 38. Nf4 Re7 39. Nd3 Kg6 40.
Rd4 Kg5 41. Rd8 Bc7 42. Rh8 Rd7 43. h4+ Kh5 44. Nf4+ Kxh4 45. Rxh6+ Kg5 46. Rxe6 Kxf4 47. Re8 Bxe5 48. a4 Ke4 49. Rh8 f4 50. Rh3 a5 51. Rh1 Rg7 52. Ke1 Rg2 53. Kd1 Rxb2 54. Re1+ Kf5 55. Kc1 Rg2 56. Rd1 Ke4 57. c4 f3 58. Re1+ Kd4 59. c5 bxc5 60. Rd1+ Ke4 61. Re1+ Re2 62. Rd1 Bd4 63. Kb1 f2 0-1

[Event "*** Biggest EVER Titled Tuesday"]
[Site "Chess.com"]
[Date "2018.04.17"]
[Round "8"]
[White "savinspm"]
[Black "SilverCat1992"]
[Result "0-1"]
[WhiteElo "2008"]
[BlackElo "2073"]
[TimeControl "180+2"]
[EndTime "14:55:40 PDT"]
[Termination "SilverCat1992 won by checkmate"]

1. e4 d6 2. d4 g6 3. Bd3 Bg7 4.
c3 c5 5. d5 Nf6 6. c4 O-O 7.
Nc3 e6 8. Nge2 exd5 9. exd5 Nbd7 10. b3 Re8 11. O-O Ng4 12. Bd2 Qh4 13. h3 Nge5 14.
Be4 Nf6 15. f3 Bd7 16. Qe1 Qxe1 17. Raxe1 Nxe4 18. fxe4 Nd3 19. Rd1 Re7 20. Be3 Ne5 21. Bg5 Ree8 22. a4 h6 23. Bh4 g5 24. Bg3 Re7 25.
Nb5 Bxb5 26. axb5 Rae8 27. Bf2 Ng6 28. Ng3 Be5 29. Nf5 Rc7 30. Nxh6+ Kg7 31. Nf5+ Kh7 32. Rfe1 a6 33. bxa6 bxa6 34. Re2 Rb8 35. Rb1 Rcb7 36. Ra2 Rxb3 37. Rxb3 Rxb3 38. Be1 Rb1 39. Kf2 Nf4 40. Bd2 Nd3+ 41. Ke3 Ne1 42. g4 Bf4+ 43. Ke2 Ng2 44. Bc3 Rh1 45. Kf3 Ne1+ 46. Bxe1 Rxe1 47. Rxa6 Rh1 48. Nxd6 Rxh3+ 49. Ke2 Re3+ 50. Kd1 Bxd6 51. Rxd6 Rxe4 52. Rf6 Kg7 53. Rf5 Rxg4 54. Ke2 Kg6 55. Re5 Rxc4 56. d6 Rd4 57. Rxc5 Rxd6 58. Kf3 Rd4 59. Rc6+ f6 60. Rc5 Kh5 61. Rc6 Rf4+ 62.
Kg3 f5 63. Rc8 Rg4+ 64. Kh3 Rh4+ 65. Kg3 f4+ 66. Kg2 Kg4 67. Rc3 Rh7 68. Rc2 Rd7 69.
Ra2 Rd3 70. Rb2 Rg3+ 71. Kf2 Rh3 72. Kg2 f3+ 73. Kg1 Kg3 74. Rb3 g4 75. Ra3 Rh5 76. Rb3 Rd5 77. Rb1 Rd2 78. Rc1 Rh2 79. Rc3 Rg2+ 80.
Kf1 Rh2 81. Kg1 Rg2+ 82. Kf1 Rd2 83. Rc1 Kh2 84. Rc8 Rg2 85. Rc7 Kg3 86. Rc3 Rh2 87.
Kg1 Rh5 88. Ra3 Re5 89. Ra1 Kf4 90. Kf2 g3+ 91. Kf1 Re4 92. Ra3 Kg4 93. Rb3 Rd4 94. Ra3 Rd1# 0-1